 Dungeon Crawl Stone Soup version 0.27.1-34-g3ba077fa99 (webtiles) character file.

Game seed: 12047819133322303903

27020 alasdair19 the Carver (level 13, -5/116 HPs)
             Began as a Minotaur Fighter on Feb 1, 2022.
             Was a High Priest of Okawaru.
             Slain by a minotaur (11 damage)
             ... in a Gauntlet.
             The game lasted 00:45:07 (17279 turns).

alasdair19 the Carver (Minotaur Fighter)           Turns: 17279, Time: 00:45:07

Health: -5/116     AC: 19    Str: 26    XL:     13   Next: 2%
Magic:  13/18      EV: 10    Int:  6    God:    Okawaru [*****.]
Gold:   786        SH: 10    Dex:  9    Spells: 12/12 levels left

rFire    + . .     SeeInvis .   e - +3 falchion (vorpal)
rCold    + . .     Faith    .   c - +0 kite shield
rNeg     . . .     Spirit   .   i - +0 plate armour
rPois    .         Reflect  .   H - +0 hat
rElec    .         Harm     .   E - scarf {rC+ rF+}
rCorr    .         Rampage  .   (no gloves)
Will     .....     NoTele   +   b - +1 pair of boots
Stlth    ..........             g - amulet of the acrobat
HPRegen  0.29/turn              u - +4 ring of evasion
MPRegen  0.16/turn              (no ring)

@: finesse-ful
A: horns 2, retaliatory headbutt
a: Renounce Religion, Heroism, Finesse


You were in a Gauntlet.
You worshipped Okawaru.
Okawaru was extremely pleased with you.
You visited 3 branches of the dungeon, and saw 15 of its levels.
You also visited: Sewer and Gauntlet.

You collected 786 gold pieces.

Inventory:

Hand Weapons
 e - a +3 vorpal falchion (weapon)
 q - a +0 hunting sling
 z - a +4 dagger of venom
 F - a +1 long sword of electrocution
Missiles
 k - 58 poisoned darts
 n - 19 javelins (quivered)
 t - 68 sling bullets
 w - a throwing net
Armour
 b - a +1 pair of boots (worn)
 c - a +0 kite shield (worn)
 i - a +0 plate armour (worn)
 E - a scarf of resistance (worn)
 H - a +0 hat (worn)
Jewellery
 g - an amulet of the acrobat (around neck)
 u - a +4 ring of evasion (left hand)
 C - a +4 ring of evasion
Wands
 a - a wand of iceblast (27)
 d - a wand of flame (10)
 s - a wand of paralysis (9)
 x - a wand of mindburst (12)
 y - a wand of charming (11)
Scrolls
 h - 5 scrolls of fear
 j - 6 scrolls of teleportation
 l - 2 scrolls of fog
 o - a scroll of enchant weapon
 v - a scroll of holy word {unknown}
 A - a scroll of blinking
 J - a scroll of amnesia {unknown}
Potions
 f - 4 potions of curing
 p - 3 potions of heal wounds
 r - a potion of lignification
 B - a potion of invisibility
 D - a potion of flight
 G - a potion of magic


   Skills:
 + Level 11.5 Fighting
 + Level 1.5(8.8) Short Blades
 + Level 14.1(14.2) Long Blades
 + Level 3.6(4.9) Slings
 + Level 4.5(5.0) Throwing
 + Level 14.0 Armour
 - Level 4.1 Shields
 * Level 9.1 Invocations


You had 12 spell levels left.
You didn't know any spells.
Your spell library contained the following spells:

 Spells                   Type           Power      Damage    Failure   Level
 Magic Dart               Conj           0%         1d3       100%        1
 Passwall                 Tmut/Erth      0%         N/A       100%        2
 Searing Ray              Conj           0%         3d3       100%        2
 Sublimation of Blood     Necr           0%         N/A       100%        2
 Wereblood                Tmut           0%         N/A       100%        2
 Swiftness                Air            0%         N/A       100%        3
 Fulminant Prism          Conj/Hex       0%         3d6       100%        4
 Invisibility             Hex            0%         N/A       100%        6
 Summon Hydra             Summ           0%         N/A       100%        7


Dungeon Overview and Level Annotations

Branches:
Dungeon (11/15)            Temple (1/1) D:5            Lair (3/6) D:11
  Swamp (0/4) Lair:3        Snake (0/4) Lair:2        Sewer (visited)
Gauntlet (1/1)
    Orc: D:9-12

Altars:
Ashenzari
Cheibriados
Dithmenos
Fedhas
Gozag
Hepliaklqana
Kikubaaqudgha
Makhleb
Nemelex Xobeh
Okawaru
Qazlal
Ru
Sif Muna
Trog
Uskayaw
Vehumet
Wu Jian
Xom
Yredelemnul
Zin
The Shining One

Annotations:
D:10 1 runed translucent door, MisterFreud's ghost, journeyman TrBe
D:11 2 transporters, Jazqba's ghost, journeyman TrBe
Lair:3 1 runed translucent door Gauntlet 7 transporters


Innate Abilities, Weirdness & Mutations

You have a pair of horns on your head.
You reflexively headbutt those who attack you in melee.


Message History

Your headbutt misses the minotaur.
The minotaur is heavily wounded.
You barely miss the minotaur.
You headbutt the minotaur, but do no damage.
The minotaur is heavily wounded.
The minotaur hits you with a staff of earth.
You block the minotaur's attack.
You hit the minotaur but do no damage.
You headbutt the minotaur, but do no damage.
The minotaur is heavily wounded.
The minotaur completely misses you.
You riposte.
You hit the minotaur but do no damage. Your headbutt misses the minotaur.
The minotaur is heavily wounded.
The minotaur gores you.
You hit the minotaur but do no damage. Your headbutt misses the minotaur.
The minotaur is heavily wounded.
The minotaur hits you but does no damage.
The minotaur gores you but does no damage.
You hit the minotaur.
You headbutt the minotaur, but do no damage.
The minotaur is heavily wounded.
The minotaur hits you with a staff of earth!
* * * LOW HITPOINT WARNING * * *
The minotaur gores you!
* * * LOW HITPOINT WARNING * * *
You feel much better.
The minotaur hits you with a staff of earth!
* * * LOW HITPOINT WARNING * * *
The minotaur gores you!
* * * LOW HITPOINT WARNING * * *
You can now deal lightning-fast blows.
The minotaur hits you with a staff of earth!
* * * LOW HITPOINT WARNING * * *
You block the minotaur's attack.
You hit the minotaur but do no damage.
The minotaur is heavily wounded.
You barely miss the minotaur.
The minotaur is heavily wounded.
The minotaur hits you with a staff of earth!
You die...

## ###
#####################
###
#.................#
#.♣.♣.©.©.©.©.♣.♣.#
#.................#
#########.#########
#####.# #.....#
#.####### #.#.@...#
#.#H###.# #.#. #.#
#.#. #.# #.#. #.#
#.#. #.# #.#####.#
#.......# #########


You could see a minotaur.

Vanquished Creatures
  Gastronok (D:11)
  A quicksilver ooze (Gauntlet)
  Josephine (D:10)
  Snorg (D:11)
  4 hydras
  Erolcha (D:11)
  A death yak (Lair:1)
  A tengu warrior (Gauntlet)
  Pikel (D:7)
  A necromancer (Gauntlet)
  A cyclops (D:11)
  3 cane toads
  2 kobold demonologists
  3 komodo dragons
  Psyche (D:8)
  A troll (D:9)
  A tengu conjurer (Gauntlet)
  Prince Ribbit (D:8)
  3 blink frogs (Lair:1)
  7 wraiths (D:10)
  31 yaks
  A wyvern (D:8)
  A basilisk (Lair:1)
  3 vampire mosquitoes (D:10)
  5 water moccasins
  A swamp worm (Lair:3)
  An acid dragon (D:8)
  2 hornet zombies
  4 orc warriors
  6 wolves (Gauntlet)
  3 ogres
  2 centaurs
  A lemure (D:7)
  2 phantoms
  15 kobold brigands
  11 bullfrogs
  A gnoll sergeant (D:10)
  2 wyvern skeletons
  5 scorpions
  7 killer bees (D:9)
  2 howler monkeys
  A crimson imp (D:3)
  A bullfrog zombie (D:6)
  4 centaur zombies
  5 orc priests
  4 jellies
  An iguana (D:6)
  3 centaur skeletons
  3 orc wizards
  11 hell rats
  A hound zombie (D:5)
  A hound skeleton (D:5)
  2 howler monkey zombies
  11 gnolls
  18 adders
  5 river rats
  5 shadow imps
  An adder skeleton (D:5)
  2 worms
  6 dart slugs
  16 orcs
  10 ball pythons
  23 endoplasms
  15 giant cockroaches
  8 hobgoblins
  4 jackals (D:3)
  14 quokkas
  4 bats
  20 frilled lizards
  4 goblins
  20 kobolds
  8 rats
373 creatures vanquished.

Vanquished Creatures (others)
  3 fungi
  16 plants
  A withered plant (Gauntlet)
20 creatures vanquished.

Grand Total: 393 creatures vanquished

Notes
Turn   | Place    | Note
-------+----------+-------------------------------------------
     0 | D:1      | alasdair19 the Minotaur Fighter began the quest for the
                  | Orb.
     0 | D:1      | Reached XP level 1. HP: 19/19 MP: 0/0
   139 | D:1      | Reached XP level 2. HP: 22/27 MP: 1/1
   199 | D:1      | Found a faded altar of an unknown god.
  1178 | D:2      | Reached XP level 3. HP: 33/33 MP: 2/2
  2105 | D:3      | Found a burning altar of Makhleb.
  2105 | D:3      | Found a radiant altar of Vehumet.
  2116 | D:3      | Reached XP level 4. HP: 40/40 MP: 3/3
  2542 | D:3      | Reached XP level 5. HP: 47/47 MP: 4/4
  2598 | D:3      | Reached skill level 5 in Armour
  2653 | D:3      | Found a sparkling altar of Nemelex Xobeh.
  2653 | D:3      | Found an ancient bone altar of Kikubaaqudgha.
  2912 | D:4      | Reached skill level 5 in Long Blades
  3163 | D:4      | Reached XP level 6. HP: 53/53 MP: 5/5
  4023 | D:5      | Entered Level 5 of the Dungeon
  4029 | D:5      | Reached skill level 1 in Throwing
  4066 | D:5      | Reached XP level 7. HP: 45/60 MP: 6/6
  4425 | D:5      | Found a staircase to the Ecumenical Temple.
  4447 | Temple   | Entered the Ecumenical Temple
  4562 | Temple   | Became a worshipper of Warmaster Okawaru
  4741 | D:5      | Reached skill level 5 in Fighting
  4744 | D:5      | Reached skill level 1 in Slings
  5095 | D:5      | Reached skill level 1 in Invocations
  5373 | D:6      | Reached XP level 8. HP: 48/68 MP: 6/8
  5392 | D:6      | Found a glowing drain.
  5459 | Sewer    | Entered a sewer
  5760 | Sewer    | Reached * piety under Okawaru
  5971 | D:6      | Reached ** piety under Okawaru
  5987 | D:6      | Reached XP level 9. HP: 19/78 MP: 10/10
  5991 | D:5      | HP: 3/78 [yak (2)]
  6686 | D:6      | Reached *** piety under Okawaru
  7098 | D:7      | Reached skill level 10 in Long Blades
  7154 | D:7      | Noticed Pikel
  7172 | D:7      | Killed Pikel
  7509 | D:8      | Noticed Psyche
  7531 | D:8      | Killed Psyche
  7531 | D:8      | Reached **** piety under Okawaru
  7710 | D:8      | Received a gift from Okawaru
  7756 | D:8      | Noticed a kobold demonologist
  7774 | D:8      | Killed a kobold demonologist
  7775 | D:8      | Reached XP level 10. HP: 44/86 MP: 12/12
  8146 | D:8      | Reached skill level 5 in Invocations
  8339 | D:8      | Reached skill level 10 in Armour
  8704 | D:8      | Noticed Prince Ribbit
  8722 | D:8      | Killed Prince Ribbit
  8917 | D:8      | Identified the +2 scale mail of Conscience {-Tele Str+6
                  | Int+5}
  9145 | D:9      | Received a gift from Okawaru
  9214 | D:9      | Reached ***** piety under Okawaru
  9214 | D:9      | Received a gift from Okawaru
  9377 | D:9      | Found a hide-covered altar of Uskayaw.
  9693 | D:9      | Found a glowing silver altar of Zin.
 10239 | D:9      | Reached XP level 11. HP: 83/95 MP: 14/14
 10380 | D:10     | Entered Level 10 of the Dungeon
 10402 | D:10     | Received a gift from Okawaru
 10750 | D:10     | Found a runed translucent door.
 10750 | D:10     | Noticed MisterFreud's ghost (journeyman TrBe)
 10909 | D:10     | Noticed Josephine
 11325 | D:10     | Killed Josephine
 11953 | D:11     | Noticed Erolcha
 11954 | D:11     | Noticed Gastronok
 11963 | D:11     | Killed Erolcha
 11982 | D:11     | Killed Gastronok
 12524 | D:11     | Found a staircase to the Lair.
 12528 | D:11     | Noticed Snorg
 12549 | D:11     | Killed Snorg
 12550 | D:11     | Reached skill level 10 in Fighting
 12562 | D:11     | Reached XP level 12. HP: 52/106 MP: 12/16
 12970 | D:11     | Found a transporter.
 12974 | D:11     | Found a transporter.
 12974 | D:11     | Noticed Jazqba's ghost (journeyman TrBe)
 13054 | D:11     | Found a shadowy altar of Dithmenos.
 13350 | Lair:1   | Entered Level 1 of the Lair of Beasts
 14088 | Lair:1   | Noticed a death yak
 14099 | Lair:1   | Killed a death yak
 14428 | Lair:1   | Received a gift from Okawaru
 14706 | Lair:1   | Noticed a five-headed hydra
 14720 | Lair:1   | Killed a five-headed hydra
 14869 | Lair:1   | Noticed a seven-headed hydra
 14879 | Lair:1   | Killed a seven-headed hydra
 14879 | Lair:1   | Received a gift from Okawaru
 15073 | Lair:2   | Found a staircase to the Snake Pit.
 15293 | Lair:2   | Found a basalt altar of Yredelemnul.
 15534 | Lair:2   | Noticed a five-headed hydra
 15548 | Lair:2   | Killed a five-headed hydra
 15549 | Lair:2   | Reached skill level 1 in Short Blades
 16110 | Lair:3   | Found a runed translucent door.
 16112 | Lair:3   | Noticed a four-headed hydra
 16154 | Lair:3   | Noticed a five-headed hydra
 16179 | Lair:3   | Killed a five-headed hydra
 16214 | Lair:3   | Found a staircase to the Swamp.
 16245 | Lair:3   | Found a gate leading to a gauntlet.
 16254 | Gauntlet | Entered a Gauntlet
 16254 | Gauntlet | Found a transporter.
 16447 | Gauntlet | Found a transporter.
 16449 | Gauntlet | Found a transporter.
 16464 | Gauntlet | Found a transporter.
 16467 | Gauntlet | Found a transporter.
 16473 | Gauntlet | Noticed a ghost crab
 16477 | Gauntlet | Found a transporter.
 16492 | Gauntlet | Found a transporter.
 16500 | Gauntlet | Noticed a quicksilver ooze
 16502 | Gauntlet | Found a transporter.
 16512 | Gauntlet | Found a transporter.
 16526 | Gauntlet | Found a transporter.
 16529 | Gauntlet | Found a runed translucent door.
 16537 | Gauntlet | Noticed a tengu warrior
 16539 | Gauntlet | Found a transporter.
 16541 | Gauntlet | Found a transporter.
 16689 | Gauntlet | Killed a tengu warrior
 16697 | Gauntlet | Found a transporter.
 16866 | Gauntlet | Identified the +0 helmet "Holu" {+Blink rCorr Int-2 Stlth+}
 16893 | Gauntlet | Killed a quicksilver ooze
 16894 | Gauntlet | Reached XP level 13. HP: 29/116 MP: 1/18
 17260 | Gauntlet | Noticed a minotaur
 17279 | Gauntlet | Slain by a minotaur

Illustrated notes

Levels and vault maps discovered:
D:1:      wander_arrival_estate, layout_basic,
          shapermc_ecumenical_altar_notcrosses
D:2:      layout_basic, kennysheep_crisscross
D:3:      layout_basic, grunt_temple_overflow_lords_of_destruction,
          gammafunk_temple_overflow_wave, st_stairs_6
D:4:      layout_cave_pods, minmay_liquid_box, guppyfry_early_lair_pool
D:5:      layout_layer_cave, minmay_temple_entry_offerings
D:6:      layout_basic, portal_sewer_entry_b
D:7:      layout_basic, uniq_pikel
D:8:      layout_layer_cave, centaur_isle, uniq_psyche, uniq_prince_ribbit1
D:9:      layout_roguey [special_room_kobold],
          mainiacjoe_overflow_large_starburst
D:10:     layout_loops_ring, gammafunk_ghost_grave, uniq_josephine
D:11:     layout_rooms, lair_entry_dummy, gammafunk_ghost_hive,
          nicolae_dithmenos_the_darkroom, uniq_gastronok, uniq_erolcha,
          uniq_snorg
Temple:   eino_temple_scatter_basement
Lair:1:   layout_concentric_octagons, kennysheep_abandoned_house,
          infiniplex_staircase_pool_2, grunt_megastairs_3
Lair:2:   layout_chaotic_city, dummy_snake_entry, basic_altar,
          small_statue_intersection, serial_bayou_lake_a
Lair:3:   layout_regular_city, minmay_swamp_entry_worms, gauntlet_entry_generic,
          pf_torpor_hydra
Gauntlet: minmay_gauntlet_77_tree [minmay_gauntlet_arena_77_two_paths,
          minmay_gauntlet_arena_77_path, minmay_gauntlet_arena_77_mirror,
          minmay_gauntlet_arena_77_box,
          minmay_gauntlet_arena_77_terracotta_army,
          minmay_gauntlet_arena_77_two_lines,
          minmay_gauntlet_arena_77_tiled_triplets, gauntlet_exit_spiral]

Skill      XL: |  1  2  3  4  5  6  7  8  9 10 11 12 |
---------------+-------------------------------------+-----
Shields        | 4 |  4.1
Armour         | 4 5 6 7 8 9 11 12 14 | 14.0
Long Blades    | 3 4 5 6 7 9 10 11 13 14 | 14.1
Fighting       | 4 5 6 7 8 10 11 | 11.5
Throwing       | 1 2 3 4 |  4.5
Slings         | 1 3 |  3.6
Invocations    | 1 3 4 6 7 9 |  9.1
Short Blades   | 1 |  1.5

Action                   |  1- 3 |  4- 6 |  7- 9 | 10-12 | 13-15 || total
-------------------------+-------+-------+-------+-------+-------++-------
Melee: Long sword        |    71 |       |       |       |       ||    71
       Headbutt          |    10 |    21 |    72 |   212 |     6 ||   321
       Falchion          |     9 |   124 |   345 |   831 |    16 ||  1325
       Dagger            |       |       |       |    33 |       ||    33
 Fire: Hunting sling     |       |     3 |    14 |     8 |       ||    25
Throw: Dart              |       |    12 |    13 |     1 |       ||    26
       Javelin           |       |       |       |    26 |       ||    26
Invok: Finesse           |       |       |       |     4 |     1 ||     5
       Heroism           |       |       |       |     1 |       ||     1
  Use: Scroll            |     2 |     2 |     7 |     9 |       ||    20
       Potion            |       |       |     1 |     5 |     1 ||     7
Armor: Scale mail        |    18 |       |       |       |       ||    18
       Plate armour      |    20 |    47 |   149 |   328 |    21 ||   565
Dodge: Dodged            |    18 |    43 |   143 |   275 |     3 ||   482
Block: Kite shield       |    34 |    48 |   156 |   367 |     6 ||   611
       Rpst.: Long sword |     5 |       |       |       |       ||     5
       Falchion          |     2 |    19 |    25 |    61 |     1 ||   108
